Cogmind - Beta 15 @@@ ROGUE MODE // 2025.09.27 @ 15:49:22 Player: Bikerider58 Result: Destroyed by H-61 Shepherd with Heavy Assault Cannon Performance ------------- Evolutions (4) 2000 Regions Visited (15) 3000 Robots Destroyed (294) 1470 Value Destroyed (14486) 14486 Prototype IDs (40) 800 Alien Tech Used (0) 0 Bonus (6950) 6950 TOTAL SCORE: 28706 Bonus ------- High Alert Combat Kills 2915 Follower Combat Kills 996 Entered Garrisons 800 Used RIF Installer 2000 Aligned with FarCom 300 Friendly Fire -61 Cogmind --------- Core Integrity 0/850 Matter 163/300 Energy 22/100 System Corruption 10% Temperature Cool (89) Movement Core (100) Ox1 Location -6/Factory Parts ------- > --- POWER (2) -------- (None) > --- PROPULSION (4) --- (None) > --- UTILITY (6) ------ (None) > --- WEAPON (3) ------- Compact Ion Cannon > --- INVENTORY (5) ---- Heavy Tesla Rifle AWS/Thermal Heavy Hardcell Cannon Peak State ------------ > --- POWER ------------ Heavy Deuterium Engine > --- PROPULSION ------- Heavy Treads Heavy Treads > --- UTILITY ---------- High-capacity Storage Unit Damper Plating > --- WEAPON ----------- Improved Spread Laser Remote Datajack Longsword +1 > --- INVENTORY -------- Antimatter Reactor Antimatter Reactor Heavy Treads Improved Cooling System Improved Cooling System Seismic Detector Medium Armor Plating Medium Armor Plating Improved Shield Generator Relay Coupler [NC] Relay Coupler [Grunt] High-powered Tractor Beam Improved Spread Laser AWS/Thermal Gauss Rifle Mini Assault Cannon Magnetic Acceleration Cannon Long-range Missile Launcher [Rating: 80] Favorites ----------- Power Heavy Deuterium Engine Engine Heavy Deuterium Engine Power Core Fission Core Reactor Cold Fusion Reactor Propulsion Heavy Treads Treads Heavy Treads Leg Potential Leg Utility High-capacity Storage Unit Device Improved Shield Generator Storage High-capacity Storage Unit Processor Improved Targeting Computer Hackware Relay Coupler [NC] Protection Light Armor Plating Weapon Remote Datajack Energy Gun EM Shotgun Energy Cannon Plasma Cannon Ballistic Gun Light Assault Rifle Ballistic Cannon Magnetic Acceleration Cannon Launcher Long-range Missile Launcher Special Weapon Remote Datajack Slashing Weapon Longsword +1 Special Melee Weapon Improved Datajack Build | -11 -10 -10 -10 -9 -8 -8 -8 -8 -7 -7 -7 -7 -7 -7 -6 ------- Run | Yrd Mat Min Exi Min Mat Gar Mat Gar Fac Was Fac Gar Fac Gar Fac Slots Evolved 8 | . . . . . 4 . . . 2 . . . . . 2 Power 1 | . . . . . . . . . . . . . . . 1 Propulsion 2 | . . . . . 1 . . . 1 . . . . . . Utility 4 | . . . . . 2 . . . 1 . . . . . 1 Weapon 1 | . . . . . 1 . . . . . . . . . . Parts Attached 173 | 7 10 1 4 . 9 19 13 16 12 4 2 4 7 24 41 Power 18 | 1 2 1 . . 1 2 3 1 1 . . . 1 1 4 Engine 14 | 1 2 1 . . 1 2 3 . 1 . . . 1 1 1 Core 2 | . . . . . . . . 1 . . . . . . 1 Reactor 2 | . . . . . . . . . . . . . . . 2 Propulsion 25 | 2 2 . 3 . . 1 1 1 3 2 . . . 5 5 Treads 15 | 2 . . . . . . . . 1 2 . . . 5 5 Leg 10 | . 2 . 3 . . 1 1 1 2 . . . . . . Wheel . | . . . . . . . . . . . . . . . . Hover . | . . . . . . . . . . . . . . . . Flight . | . . . . . . . . . . . . . . . . Utility 78 | 2 2 . 1 . 3 10 7 7 4 1 . 4 6 12 19 Device 33 | 1 . . . . 2 4 4 2 2 . . 2 2 4 10 Storage 4 | 1 1 . 1 . . . . . . . . . . . 1 Processor 6 | . . . . . . . 1 1 . . . 1 . 2 1 Hackware 15 | . . . . . . . 2 2 1 . . . 3 2 5 Protection 20 | . 1 . . . 1 6 . 2 1 1 . 1 1 4 2 Artifact . | . . . . . . . . . . . . . . . . Weapon 52 | 2 4 . . . 5 6 2 7 4 1 2 . . 6 13 Energy Gun 17 | 1 3 . . . 3 2 . 1 2 . . . . . 5 Energy Cannon 6 | . . . . . . . . 1 . . 1 . . 2 2 Ballistic Gun 8 | 1 1 . . . 1 1 . 2 . 1 . . . . 1 Ballistic Cannon 6 | . . . . . . 1 1 1 1 . . . . . 2 Launcher 5 | . . . . . 1 1 . 1 . . 1 . . . 1 Special Weapon 4 | . . . . . . . . 1 . . . . . 2 1 Impact Weapon . | . . . . . . . . . . . . . . . . Slashing Weapon 4 | . . . . . . 1 . . 1 . . . . 1 1 Piercing Weapon . | . . . . . . . . . . . . . . . . Special Melee Weapon 2 | . . . . . . . 1 . . . . . . 1 . Unidentified Prototypes 15 | . . . . . . . . . 3 . 1 . . 1 10 Corrupted Parts 2 | . . . . . . . . . . . . . . 1 1 System Corruption 2 | . . . . . . . . . . . . . . 1 1 Parts Lost 51 | . 6 1 . . 1 9 . 5 1 . . 1 . 9 18 Power 9 | . 2 1 . . . 1 . 1 . . . . . . 4 Propulsion 12 | . 1 . . . . 1 . 2 1 . . . . 1 6 Utility 19 | . 1 . . . . 5 . 2 . . . 1 . 4 6 Weapon 11 | . 2 . . . 1 2 . . . . . . . 4 2 Highest Loss Streak 7 | . 2 1 . . 1 3 . 1 1 . . 1 . 4 7 To Critical Strikes 2 | . . . . . . 1 . . 1 . . . . . . Average Backups 16 | . 4 8 10 15 15 17 18 18 18 18 17 17 17 16 16 Power 1 | . . . . . 1 1 1 1 2 1 2 1 1 1 1 Propulsion 1 | . . 2 2 4 3 2 2 1 . . 1 1 1 1 . Utility 6 | . . 1 1 1 1 5 8 6 8 9 8 9 9 7 7 Weapon 6 | . 3 5 6 8 8 7 5 7 7 7 6 6 5 5 6 Tool/Special . | . . . . . . . . . . . . . . . . Unused Backups 41 | . . 1 1 . 7 4 1 4 1 3 3 2 7 1 6 Power 6 | . . . . . 2 1 . . 1 1 . 1 . . . Propulsion 2 | . . . . . . . 1 1 . . . . . . . Utility 17 | . . 1 1 . 1 . . 1 . 1 3 . 5 1 3 Weapon 16 | . . . . . 4 3 . 2 . 1 . 1 2 . 3 Tool/Special . | . . . . . . . . . . . . . . . . Average Slot Usage (%) 87 | . 95 98 99 100 98 95 88 97 98 82 61 65 83 80 90 Engine 7 | . 11 12 14 14 9 8 9 6 . 7 7 7 7 7 5 Treads 9 | . 16 . . . . . . . 2 5 15 15 15 19 21 Leg 13 | . 11 28 27 28 27 26 26 26 26 18 . . . . . Device 6 | . 10 . . . 14 9 5 9 14 4 . 2 6 5 17 Storage 8 | . 14 14 14 14 9 9 9 9 7 7 7 7 7 7 6 Processor 3 | . . . . . . . 3 7 7 4 . 1 7 5 3 Hackware 1 | . . . . . . . . . . 4 . . 7 . 1 Protection 9 | . 2 14 14 14 11 13 9 8 7 5 7 7 7 13 6 Energy Gun 4 | . 17 14 14 14 16 11 . . 6 . . . . . 2 Energy Cannon 3 | . . . . . . . . 6 . . 5 7 7 2 10 Ballistic Gun 4 | . 10 14 14 14 9 5 1 . 12 6 1 . . . 1 Ballistic Cannon 2 | . . . . . . . 15 8 2 . . . . 2 1 Special Weapon 2 | . . . . . . . . . . 7 7 7 7 5 . Slashing Weapon 4 | . . . . . . 6 7 6 . 7 7 7 6 6 . Peak Build Rating 80 | 7 12 11 30 31 44 59 52 58 63 79 80 79 71 72 79 Average Rating 53 | 5 8 10 15 30 41 51 50 47 56 66 79 76 67 61 68 On Entrance 44 | . 7 11 11 30 31 44 48 52 55 60 79 79 71 69 59 Naked Turns 1 | . . . . . . . . . . . . . . . 1 Heaviest Build 122 | 14 22 20 50 50 61 114 86 86 76 106 109 109 83 106 122 Greatest Support 140 | 40 40 26 60 60 73 73 56 80 95 140 140 140 140 140 120 Greatest Overweight (x) 6 | 1 1 . 6 . . 2 1 1 1 1 . . . 1 1 Average Overweight (x) . | . . . . . . . 1 . . . . . . . . Largest Inventory Capacity 20 | 8 10 10 20 20 20 20 20 20 20 20 20 20 20 20 20 Average Capacity 18 | 7 9 10 12 20 20 20 20 20 20 20 20 20 20 20 19 Most Carried 20 | 3 9 10 15 20 20 20 20 20 20 20 20 20 20 20 20 Average Carried 17 | . 4 8 11 17 19 19 19 19 19 19 19 19 19 18 18 Final Capacity 20 | 8 10 10 20 20 20 20 20 20 20 20 20 20 20 20 5 Final Carried 20 | 1 8 10 14 20 20 18 20 20 20 20 20 20 20 20 5 Class Distribution -------------------- 34% | Mutant 22% | Bothacker-Mutant 19% | Scavenger-Mutant 12% | Bothacker-Tank 6% | Scavenger-Tank Dominant Class ---------------- Mutant | -10/Materials Mutant | -10/Mines Mutant | -10/Exiles Mutant | -9/Mines Tank | -8/Materials Mutant | -8/Garrison Bothacker-Mutant | -8/Materials Mutant | -8/Garrison Bothacker-Tank | -7/Factory Bothacker-Mutant | -7/Waste Scavenger-Mutant | -7/Factory Scavenger-Mutant | -7/Garrison Bothacker-Mutant | -7/Factory Scavenger-Mutant | -7/Garrison Scavenger-Tank | -6/Factory Resources | -11 -10 -10 -10 -9 -8 -8 -8 -8 -7 -7 -7 -7 -7 -7 -6 ----------- Run | Yrd Mat Min Exi Min Mat Gar Mat Gar Fac Was Fac Gar Fac Gar Fac Matter Collected 5519 | 277 117 24 . 52 206 508 447 862 682 173 174 . 494 601 902 Remotely 300 | . . . . . . . . 300 . . . . . . . Salvage Created 12085 | 79 452 182 . 71 304 944 450 889 1048 1121 2389 24 808 1373 1951 Parts 573 | 9 24 13 . 6 26 44 17 67 57 15 120 . 33 72 70 Haulers Intercepted 12 | . 1 . . . 1 . 1 . 2 . 2 . 1 . 4 Recyclers Shooed 3 | . . . . . . . . . 2 . . . . . 1 Parts Field Recycled . | . . . . . . . . . . . . . . . . Retrieved Matter . | . . . . . . . . . . . . . . . . Parts Self-Destructed . | . . . . . . . . . . . . . . . . Prevented . | . . . . . . . . . . . . . . . . Kills | -11 -10 -10 -10 -9 -8 -8 -8 -8 -7 -7 -7 -7 -7 -7 -6 ------- Run | Yrd Mat Min Exi Min Mat Gar Mat Gar Fac Was Fac Gar Fac Gar Fac Combat Hostiles Destroyed 233 | . 13 2 . 4 11 27 6 36 16 4 38 . 12 28 36 Melee 91 | . . . . . . 9 3 1 . 4 37 . 12 25 . Guns 42 | . 11 2 . 4 4 4 . 3 11 . . . . . 3 Cannons 39 | . . . . . . 1 3 14 5 . 1 . . . 15 AOE 59 | . 2 . . . 7 13 . 18 . . . . . 3 16 Classes Destroyed 19 | 2 3 1 . . 3 2 1 1 1 1 1 . . 1 2 Worker 15 | . . 1 . . . . 1 . 3 . 4 . 3 . 3 Builder 4 | . . . . . . . . . 1 . 1 . . . 2 Tunneler 7 | 1 1 2 . . . . 1 . 1 . 1 . . . . Hauler 12 | . 1 . . . 1 . 1 . 2 . 2 . 1 . 4 Recycler 11 | 1 . . . . . . 2 . 3 . 2 . 2 . 1 Mechanic 4 | . . . . . . . . 1 . . . . . . 3 Operator 4 | . . . . . 1 . . . . . 3 . . . . Watcher 3 | . . . . . 1 . 1 . 1 . . . . . . Swarmer 50 | . 6 . . 4 7 4 . 17 1 . 3 . 1 4 3 Grunt 102 | . 7 2 . . 2 14 5 11 9 . 24 . 7 12 9 Brawler 6 | . . . . . . . . . . . 1 . 2 1 2 Duelist 5 | . . . . . . . . . . . . . . . 5 Protector 2 | . . . . . . . . . . . . . . . 2 Sentry 28 | . . . . . 2 4 . 5 2 . 6 . 1 5 3 Specialist 1 | . . . . . . . . . . . . . . 1 . Hunter 13 | . . . . . . . 1 1 2 . . . 1 1 7 Programmer 21 | . . . . . . 4 . 2 2 . 4 . . 3 6 Behemoth 2 | . . . . . . 1 . . . . . . . 1 . Compactor 4 | . . . . . . . . . . 4 . . . . . Best Kill Streak 28 | 1 5 2 . 4 6 4 2 8 4 2 7 . 3 5 28 Combat Bots Only 18 | . 5 2 . 4 5 4 1 8 4 2 6 . 3 5 18 Max Kills in Single Turn 6 | 1 2 1 . 1 2 3 1 3 2 1 1 . 1 2 6 Gunslinging 1 | . . . . . . . . . 1 . . . . . . Exploded 5 | . 2 . . . 2 3 . 3 . . . . . 2 5 Melee 1 | . . . . . . 1 1 1 . 1 1 . 1 1 . Uniques/NPCs Destroyed . | . . . . . . . . . . . . . . . . Combat | -11 -10 -10 -10 -9 -8 -8 -8 -8 -7 -7 -7 -7 -7 -7 -6 -------- Run | Yrd Mat Min Exi Min Mat Gar Mat Gar Fac Was Fac Gar Fac Gar Fac Hostile Shots Fired 1549 | . 96 13 . 11 26 172 45 86 78 . 224 . 35 341 422 Missed 459 | . 21 4 . 1 13 37 12 20 25 . 66 . 11 98 151 Hits 1090 | . 75 9 . 10 13 135 33 66 53 . 158 . 24 243 271 Melee 14 | . . . . . . . 2 . . . 1 . 1 5 5 Projectile 1076 | . 75 9 . 10 13 135 31 66 53 . 157 . 23 238 266 AOE 1 | . 1 . . . . . . . . . . . . . . Critical Strikes 49 | . 2 1 . . . 10 5 3 2 . 3 . 2 7 14 Damage Taken 13877 | . 900 106 . 83 180 2142 314 818 551 . 1525 88 289 2223 4658 Core 1535 | . 123 51 . 7 13 166 43 67 34 . 39 . 23 77 892 Absorbed by Shields 1679 | . . . . . . . 117 231 218 . . . 234 468 411 Ignored by Resistances 1033 | . . . . . . 227 138 37 . . 367 . . 184 80 Regen/Repaired (Parts) 219 | . 51 . . . . . . . . . . . 49 . 119 Core Remaining (%) 62 | 100 . . . 27 . . . 47 . . . . . 75 . Volleys Fired 437 | 14 47 14 . 4 18 37 22 68 49 8 6 9 24 20 97 Largest 3 | 2 2 2 . 2 3 3 2 3 3 1 1 1 1 1 3 Hottest 206 | 70 90 65 . 65 120 149 88 184 190 28 80 80 80 90 206 Shots Fired 828 | 28 92 27 . 8 36 84 43 116 141 8 10 13 28 19 175 Gun 416 | 28 92 27 . 8 28 69 . 5 116 2 2 . . . 39 Cannon 334 | . . . . . . 5 43 98 24 . 8 13 14 12 117 Launcher 41 | . . . . . 8 10 . 13 . . . . . 2 8 Special 37 | . . . . . . . . . 1 6 . . 14 5 11 Kinetic 337 | 14 33 14 . 4 8 25 43 51 105 2 1 . . 5 32 Thermal 300 | 14 33 . . . . 28 . 52 35 . 9 13 14 7 95 Explosive 41 | . . . . . 8 10 . 13 . . . . . 2 8 Electromagnetic 113 | . 26 13 . 4 20 21 . . . . . . . . 29 Robot Hit Streak 26 | 3 14 5 . 4 10 23 7 19 11 8 10 1 9 5 26 Robot Miss Streak 6 | 5 6 3 . 3 1 3 3 3 3 . 2 2 3 1 3 Penetration Max 1 | . . . . . . . . . . . . . . . 1 Secondary Targets 4 | . 1 1 . . . . . . 2 . . . . . . Max Gunslinging Chain 1 | . 1 1 . . . . . . 1 . . . . . . Autonomous 20 | . . . . . . 20 . . . . . . . . . Shots Hit Robots 850 | 11 71 18 . 5 21 77 37 59 104 84 110 4 48 79 122 Core Hits 483 | 5 28 10 . 4 22 41 10 51 57 9 49 1 19 29 148 Critical Kills 2 | . . . . . . . . . . . . . . . 2 Critical Parts Destroyed 5 | . . . . . . . . . . . . . . . 5 Critical Strikes 61 | . 3 . . . 1 4 4 2 2 3 16 . 4 12 10 Burn 3 | . 3 . . . . . . . . . . . . . . Meltdown 1 | . . . . . . . . . . . . . . . 1 Destroy 8 | . . . . . . . . . . 1 . . . . 7 Blast 7 | . . . . . . . 3 2 2 . . . . . . Corrupt 4 | . . . . . 1 1 . . . . . . . . 2 Sever 38 | . . . . . . 3 1 . . 2 16 . 4 12 . Melee Attacks 426 | . . . . . . 51 18 25 1 76 120 3 36 95 1 Impact . | . . . . . . . . . . . . . . . . Slashing 419 | . . . . . . 51 15 22 1 76 120 3 36 94 1 Piercing . | . . . . . . . . . . . . . . . . Sneak Attacks 103 | . . . . . . 1 6 1 . 76 11 1 7 . . Combat Hostiles 79 | . . . . . . 1 . . . 76 . . 2 . . Follow-up Attacks . | . . . . . . . . . . . . . . . . Damage Inflicted 34995 | 116 929 232 . 60 968 3725 1278 2990 2216 3509 5383 277 1812 3523 7977 Guns 5137 | 116 759 215 . 42 305 1042 . 111 1640 41 39 . . . 827 Cannons 6340 | . . . . . . 144 699 1315 515 . 32 27 155 81 3372 Explosions 7644 | . 168 . . . 652 1555 . 1343 . . . . . 148 3778 Melee 15759 | . . . . . . 984 579 221 . 3468 5312 250 1651 3294 . Ramming 115 | . 2 17 . 18 11 . . . 61 . . . 6 . . Kinetic 5291 | 54 234 70 . 7 31 399 699 876 1386 41 23 . . 81 1390 Thermal 4890 | 62 467 . . . 88 678 . 550 769 . 48 27 155 . 2046 Explosive 7365 | . . . . . 564 1555 . 1343 . . . . . 148 3755 Electromagnetic 1575 | . 226 145 . 35 274 109 . . . . . . . . 786 Impact . | . . . . . . . . . . . . . . . . Slashing 15759 | . . . . . . 984 579 221 . 3468 5312 250 1651 3294 . Piercing . | . . . . . . . . . . . . . . . . Highest Corruption 34 | . . . . . . 3 3 4 2 33 33 33 33 34 10 Average Corruption 19 | . . . . . . 2 3 3 1 24 33 33 29 32 6 Corruption Purged 5 | . . . . . . . . . . . . . 5 . . Corruption Blocked . | . . . . . . . . . . . . . . . . Effects 411 | . . . . . . 16 16 29 2 35 73 33 93 86 28 Message Errors 100 | . . . . . . 3 3 4 . 10 20 8 24 21 7 Matter Fused 89 | . . . . . . 3 4 3 . 3 15 7 27 19 8 Heat Flow Errors 48 | . . . . . . 2 2 3 1 6 7 2 12 10 3 Energy Discharges 48 | . . . . . . 5 1 3 . 3 6 4 7 15 4 Parts Rejected 3 | . . . . . . . 1 . . 1 1 . . . . Parts Fused 4 | . . . . . . . . . . . 2 1 . 1 . Data Loss (minor) 57 | . . . . . . 1 3 9 . 7 14 4 9 7 3 Data Loss (major) 18 | . . . . . . 1 2 2 . 1 . 2 6 3 1 Misfires 17 | . . . . . . . . 3 . . 5 4 4 . 1 Alerts 8 | . . . . . . . . . . . 1 1 1 5 . Misdirections 12 | . . . . . . . . . . 4 1 . 3 4 . Weapon Failures 7 | . . . . . . 1 . 2 1 . 1 . . 1 1 Overload Shots 6 | . . . . . . . . . . . . . . 1 5 Effects 1 | . . . . . . . . . . . . . . . 1 Heat Surge 1 | . . . . . . . . . . . . . . . 1 Overflow Damage 1689 | . . . . . 1 145 105 166 11 24 622 53 244 224 94 Projectiles 178 | . . . . . . 20 25 57 11 . . . . . 65 Explosions 201 | . . . . . 1 62 . 109 . . . . . . 29 Melee 1310 | . . . . . . 63 80 . . 24 622 53 244 224 . Knockbacks 23 | . . 1 . . . 3 4 2 13 . . . . . . Impact 1 | . . 1 . . . . . . . . . . . . . Kinetic 18 | . . . . . . 3 4 2 9 . . . . . . Secondary 4 | . . . . . . . . . 4 . . . . . . Self-Inflicted Damage 747 | . 36 . . . 9 122 . 235 . . . . . . 345 Shots 23 | . 1 . . . 1 3 . 5 . . . . . . 13 Rammed 2 | . 1 . . . . . . . . . . . 1 . . Targets Rammed 18 | . 2 4 . 1 2 . . . 7 . . . 2 . . Kicked 15 | . 1 4 . 1 2 . . . 7 . . . . . . Crushed 1 | . . . . . . . . . . . . . 1 . . Highest Temperature 330 | 170 324 172 . 69 114 257 281 330 272 227 263 194 303 263 279 Average Temperature 84 | 73 101 71 . 35 36 93 87 80 81 100 82 55 101 81 97 Received Heat Transfer 4066 | . 261 75 . . 54 621 240 213 202 . 582 . 82 749 987 Effects 4 | . . . . . . . . 3 . . . . . 1 . Energy Bleed 1 | . . . . . . . . . . . . . . 1 . Interference 3 | . . . . . . . . 3 . . . . . . . Siege Activations . | . . . . . . . . . . . . . . . . Martial Activations . | . . . . . . . . . . . . . . . . Shielding Activations . | . . . . . . . . . . . . . . . . Robots Disrupted 1 | . . . . . . . . . . . . . . . 1 Combat Hostiles 1 | . . . . . . . . . . . . . . . 1 Robots Corrupted 1 | . . . . . . . . . . . . . . . 1 Combat Hostiles 1 | . . . . . . . . . . . . . . . 1 Parts Fried 8 | . 2 . . . 1 . . . . . . . . . 5 Impact Corruptions . | . . . . . . . . . . . . . . . . Robots Melted 1 | . . . . . . . . . . . . . . . 1 Combat Hostiles 1 | . . . . . . . . . . . . . . . 1 Parts Melted 11 | . 3 . . . . 1 1 4 . . . . . . 2 Heat Transferred 7849 | 185 1360 . . . 100 851 . 953 1280 . 65 50 300 . 2705 Parts Sabotaged 8 | . . . . . . . . . . . . . . 4 4 Parts Stolen . | . . . . . . . . . . . . . . . . Parts Stripped . | . . . . . . . . . . . . . . . . Power Chain Reactions 4 | . 2 . . . 2 . . . . . . . . . . Alert | -11 -10 -10 -10 -9 -8 -8 -8 -8 -7 -7 -7 -7 -7 -7 -6 ------- Run | Yrd Mat Min Exi Min Mat Gar Mat Gar Fac Was Fac Gar Fac Gar Fac Maximum Alert Level 5 | . . . . . 1 4 2 4 3 1 2 3 2 5 4 Low Security (%) 24 | 100 100 100 . 100 52 2 . 2 . 59 41 . . . . Level 1 14 | . . . . . 47 33 7 12 . 40 14 . 26 5 18 Level 2 27 | . . . . . . 25 92 17 . . 44 37 73 17 20 Level 3 23 | . . . . . . 25 . 40 100 . . 62 . 36 50 Level 4 7 | . . . . . . 13 . 27 . . . . . 26 10 Level 5 1 | . . . . . . . . . . . . . . 14 . High Security . | . . . . . . . . . . . . . . . . Max Security . | . . . . . . . . . . . . . . . . Peak Influence 1602 | 5 100 40 . 90 281 1162 551 1526 929 319 681 874 574 1602 1172 Initial 840 | . . 19 . . . 170 551 167 800 319 34 474 458 273 840 Average 518 | . 48 3 . 10 168 611 458 888 790 178 288 705 442 981 740 Influence Increases 9542 | 10 368 65 . 90 470 1072 210 1509 473 . 1158 410 883 1479 1345 Destroy 0b10 Robot/C 5180 | . 260 40 . 80 300 540 120 820 320 . 760 . 460 760 720 Destroy 0b10 Robot/NC 345 | 10 10 15 . . 15 . 30 15 55 . 65 5 50 . 75 Destroy Leader 760 | . 52 10 . 10 64 20 24 30 76 . 194 . 112 30 138 Allied During Kill 253 | . . . . . 37 8 . 40 . . . . 73 47 48 Trap Triggered on 0b10 20 | . . . . . . . . . . . . . . 20 . Successful Hack 51 | . 4 . . . 24 . . 23 . . . . . . . Select Force Hacks 60 | . 30 . . . . . . . . . . . 30 . . Disable Machine 270 | . . . . . . . . 30 . . 15 . 75 75 75 Anti-Garrison Action 1700 | . . . . . . 300 . 400 . . . 400 . 450 150 Destroy Structure 498 | . 12 . . . 30 99 21 136 7 . 4 5 8 82 94 Partial Spotted 30 | . . . . . . . . . . . 15 . 15 . . Lose Combat Pursuer 375 | . . . . . . 105 15 15 15 . 105 . 60 15 45 Influence Decreases 8458 | 10 316 117 . 90 207 203 1085 240 1086 864 529 214 1366 268 1863 Entered New Map 3632 | . . 33 . . . 93 581 90 726 594 15 204 416 118 762 Time Decay 3166 | 10 256 74 . 90 177 . 334 . 350 270 514 . 565 . 526 Lost Part 510 | . 60 10 . . 10 90 . 50 10 . . 10 . 90 180 Lost Ally 450 | . . . . . 20 20 20 100 . . . . 110 60 120 Purge Threat 700 | . . . . . . . 150 . . . . . 275 . 275 Squads Dispatched 48 | . 4 . . . 4 . . . 6 . 10 . 8 . 16 Investigation 12 | . 3 . . . . . . . 1 . 4 . 3 . 1 Extermination 10 | . . . . . . . . . 2 . 4 . 2 . 2 Reinforcement 14 | . 1 . . . 1 . . . 3 . 2 . 2 . 5 Assault 6 | . . . . . . . . . . . . . 1 . 5 Garrison 6 | . . . . . 3 . . . . . . . . . 3 Intercept . | . . . . . . . . . . . . . . . . Searches Triggered . | . . . . . . . . . . . . . . . . Construction Impeded 2 | . . . . . . . . . 2 . . . . . . Haulers Reinforced 2 | . . . . . . . . . 1 . . . . . 1 Active Scanning Responses . | . . . . . . . . . . . . . . . . Cargo Convoy Interrupts 1 | . . . . . . . . . . . . . . . 1 Stealth | -11 -10 -10 -10 -9 -8 -8 -8 -8 -7 -7 -7 -7 -7 -7 -6 --------- Run | Yrd Mat Min Exi Min Mat Gar Mat Gar Fac Was Fac Gar Fac Gar Fac Distress Signals 16 | . 3 . . . . . 4 . 1 . 5 . 1 . 2 Communications Jammed . | . . . . . . . . . . . . . . . . Distress Signals . | . . . . . . . . . . . . . . . . Times Spotted 340 | . 20 2 . 3 15 26 17 31 19 6 55 . 32 48 66 Peak Tracking Total 13 | . 7 2 . 3 5 4 5 4 3 3 8 . 4 6 13 Tactical Retreats 22 | . . . . . . 6 1 1 1 . 7 . 3 1 2 Traps | -11 -10 -10 -10 -9 -8 -8 -8 -8 -7 -7 -7 -7 -7 -7 -6 ------- Run | Yrd Mat Min Exi Min Mat Gar Mat Gar Fac Was Fac Gar Fac Gar Fac Traps Triggered 19 | . 1 . . . . 6 . 5 3 . 2 1 1 . . Indirectly . | . . . . . . . . . . . . . . . . Trap Hack Attempts . | . . . . . . . . . . . . . . . . Triggered . | . . . . . . . . . . . . . . . . Disarmed . | . . . . . . . . . . . . . . . . Reprogrammed . | . . . . . . . . . . . . . . . . Reused 2 | . . . . . . . . . . . . . . 2 . Traps Extracted . | . . . . . . . . . . . . . . . . Installed 2 | . . . . . . . . . . . . . . 2 . Triggered 2 | . . . . . . . . . . . . . . 2 . Most Traps Carried 3 | . . . . 3 3 3 . . . . . . . 2 . Machines | -11 -10 -10 -10 -9 -8 -8 -8 -8 -7 -7 -7 -7 -7 -7 -6 ---------- Run | Yrd Mat Min Exi Min Mat Gar Mat Gar Fac Was Fac Gar Fac Gar Fac Machines Disabled 42 | . . . . . . 5 . 9 . . 1 3 5 13 6 Max in Single Turn 2 | . . . . . . 1 . 2 . . 1 1 1 2 2 Garrison Access 2 | . . . . . . . . . 1 . . . . . 1 Garrison Relay 16 | . . . . . . 3 . 5 . . . 3 . 5 . Phase Generator 3 | . . . . . . 1 . 1 . . . . . 1 . Machines Repaired . | . . . . . . . . . . . . . . . . Machines Dismantled . | . . . . . . . . . . . . . . . . Machines Sabotaged . | . . . . . . . . . . . . . . . . Overloaded Fab Kills . | . . . . . . . . . . . . . . . . Hacking | -11 -10 -10 -10 -9 -8 -8 -8 -8 -7 -7 -7 -7 -7 -7 -6 --------- Run | Yrd Mat Min Exi Min Mat Gar Mat Gar Fac Was Fac Gar Fac Gar Fac Machines Accessed 42 | . 4 . 2 . 5 . 2 3 6 . 7 1 10 1 1 Terminals 24 | . 2 . . . 4 . 1 3 2 . 4 1 6 1 . Fabricators 1 | . . . . . . . . . . . . . 1 . . Repair Stations 7 | . 1 . . . . . . . 2 . 2 . 1 . 1 Recycling Units 2 | . 1 . . . . . . . 1 . . . . . . Scanalyzers 1 | . . . . . . . . . . . . . 1 . . Garrison Access 5 | . . . . . 1 . 1 . 1 . 1 . 1 . . Total Hacks 84 | . 10 . 2 . 11 . 4 6 10 . 12 2 22 3 2 Successful 29 | . 3 . 2 . 6 . 2 2 3 . 2 . 8 . 1 Failed 55 | . 7 . . . 5 . 2 4 7 . 10 2 14 3 1 Catastrophic 9 | . 1 . . . . . . . 2 . 2 1 2 1 . Database Lockouts . | . . . . . . . . . . . . . . . . Manual 36 | . 10 . 1 . 9 . 2 . 1 . 6 . 5 . 2 Terminals 57 | . 8 . . . 9 . 3 6 4 . 7 2 15 3 . Fabricators 1 | . . . . . . . . . . . . . 1 . . Repair Stations 10 | . 1 . . . . . . . 2 . 4 . 1 . 2 Recycling Units 4 | . 1 . . . . . . . 3 . . . . . . Scanalyzers 3 | . . . . . . . . . . . . . 3 . . Garrison Access 7 | . . . . . 2 . 1 . 1 . 1 . 2 . . Terminal Hacks 6 | . . . 2 . . . 1 2 . . . . 1 . . Record 1 | . . . 1 . . . . . . . . . . . . Open Door 1 | . . . . . . . . 1 . . . . . . . Unreport Threat 1 | . . . . . . . 1 . . . . . . . . Zone Layout 1 | . . . . . . . . . . . . . 1 . . Security Stations 1 | . . . . . . . . 1 . . . . . . . Proto ID Catalog 1 | . . . 1 . . . . . . . . . . . . Fabricator Hacks 1 | . . . . . . . . . . . . . 1 . . Network Status 1 | . . . . . . . . . . . . . 1 . . Repair Station Hacks . | . . . . . . . . . . . . . . . . Recycling Unit Hacks 1 | . . . . . . . . . 1 . . . . . . Retrieve Components 1 | . . . . . . . . . 1 . . . . . . Scanalyzer 2 | . . . . . . . . . . . . . 2 . . Insert Component 1 | . . . . . . . . . . . . . 1 . . Analyze 1 | . . . . . . . . . . . . . 1 . . Garrison Access Hacks 6 | . . . . . 1 . 1 . 1 . 1 . 2 . . Unlock Access 4 | . . . . . 1 . 1 . . . 1 . 1 . . Seal Access 1 | . . . . . . . . . 1 . . . . . . Coupler Status 1 | . . . . . . . . . . . . . 1 . . Unauthorized Hacks 13 | . 3 . . . 5 . . . 1 . 1 . 2 . 1 Terminals 6 | . 1 . . . 5 . . . . . . . . . . Botnet 1 | . . . . . 1 . . . . . . . . . . Skim 5 | . 1 . . . 4 . . . . . . . . . . Fabricators . | . . . . . . . . . . . . . . . . Repair Stations 5 | . 1 . . . . . . . 1 . 1 . 1 . 1 Patch 5 | . 1 . . . . . . . 1 . 1 . 1 . 1 Recycling Units 1 | . 1 . . . . . . . . . . . . . . Tunnel 1 | . 1 . . . . . . . . . . . . . . Scanalyzers 1 | . . . . . . . . . . . . . 1 . . Extract 1 | . . . . . . . . . . . . . 1 . . Garrison Access . | . . . . . . . . . . . . . . . . Data Cores Recovered 5 | . . . . . 1 . . . . . 2 . 2 . . Used . | . . . . . . . . . . . . . . . . Hacking Detections 30 | . 2 . . . 5 . 2 3 3 . 5 1 7 1 1 Full Trace Events 5 | . 1 . . . . . . . . . 2 1 . 1 . Feedback Events . | . . . . . . . . . . . . . . . . Feedback Blocked . | . . . . . . . . . . . . . . . . Robot Schematics Acquired . | . . . . . . . . . . . . . . . . Robots Built . | . . . . . . . . . . . . . . . . Authchips . | . . . . . . . . . . . . . . . . Time . | . . . . . . . . . . . . . . . . Total Robot Build Rating . | . . . . . . . . . . . . . . . . Part Schematics Acquired 2 | . . . . . . . . . . . . . 2 . . Parts Built . | . . . . . . . . . . . . . . . . Authchips . | . . . . . . . . . . . . . . . . Time . | . . . . . . . . . . . . . . . . Total Part Build Rating . | . . . . . . . . . . . . . . . . Parts Repaired . | . . . . . . . . . . . . . . . . Time . | . . . . . . . . . . . . . . . . Parts Recycled . | . . . . . . . . . . . . . . . . Recycled Matter . | . . . . . . . . . . . . . . . . Retrieved Matter . | . . . . . . . . . . . . . . . . Retrieved Components 9 | . . . . . . . . . 9 . . . . . . Parts Scanalyzed 1 | . . . . . . . . . . . . . 1 . . Part Schematics Acquired . | . . . . . . . . . . . . . . . . Parts Damaged . | . . . . . . . . . . . . . . . . Bothacking | -11 -10 -10 -10 -9 -8 -8 -8 -8 -7 -7 -7 -7 -7 -7 -6 ------------ Run | Yrd Mat Min Exi Min Mat Gar Mat Gar Fac Was Fac Gar Fac Gar Fac Used RIF Installer 4 | . . . . . . 1 . 1 . . . 1 . 1 . Watcher Feeds 1 | . . . . . . . . . . . . 1 . . . Patrol Navigation 1 | . . . . . . . . 1 . . . . . . . Structural Interface 1 | . . . . . . . . . . . . . . 1 . Robots Hacked 30 | . . . . . . . 2 2 1 6 . . 6 5 8 Non-combat 7 | . . . . . . . . . 1 . . . 4 . 2 Combat 23 | . . . . . . . 2 2 . 6 . . 2 5 6 Robot Hacks Applied 34 | . . . . . . . 2 2 1 6 . . 9 5 9 parse_system 2 | . . . . . . . . . . . . . . 2 . find_chute 1 | . . . . . . . . . 1 . . . . . . ignore_repairs 1 | . . . . . . . . . . . . . 1 . . drop_inventory 1 | . . . . . . . . . . . . . 1 . . purge_threat 4 | . . . . . . . . . . . . . 2 . 2 ignore_targets 6 | . . . . . . . . . . 6 . . . . . amplify_resonance 1 | . . . . . . . . . . . . . 1 . . overwrite_iff 5 | . . . . . . . . . . . . . 1 1 3 streamctrl_low 1 | . . . . . . . . . . . . . . . 1 formatsys_low 3 | . . . . . . . . . . . . . 3 . . formatsys_high 9 | . . . . . . . 2 2 . . . . . 2 3 Relay Couplers Released 70 | . . . . . . 16 . 20 . . . 13 . 20 1 Machine Destruction 67 | . . . . . . 13 . 20 . . . 13 . 20 1 Programmers 3 | . . . . . . 3 . . . . . . . . . Attached 15 | . . . . . . . 2 2 1 . . . 3 2 5 Fabnet Peak Effective % . | . . . . . . . . . . . . . . . . Robots Rewired 3 | . . . . . . . . . . . . 1 . 2 . Allies Hacked 1 | . . . . . . . . 1 . . . . . . . Hacks Repelled . | . . . . . . . . . . . . . . . . Allies | -11 -10 -10 -10 -9 -8 -8 -8 -8 -7 -7 -7 -7 -7 -7 -6 -------- Run | Yrd Mat Min Exi Min Mat Gar Mat Gar Fac Was Fac Gar Fac Gar Fac Total Allies 29 | . . . . 2 . . 2 4 . . . 3 4 7 7 Largest Group 5 | . . . . 2 2 1 1 5 . . . 3 5 2 2 Highest-Rated Group 196 | . . . . 43 43 12 15 115 . . . 163 196 124 79 Highest-Rated Ally 80 | . . . . 31 31 12 15 39 . . . 80 80 62 52 Total Orders 20 | . . . . . . . . 4 . . . . 6 . 10 STAY 2 | . . . . . . . . 2 . . . . . . . FOLLOW 4 | . . . . . . . . 2 . . . . 1 . 1 AID 4 | . . . . . . . . . . . . . 3 . 1 PICKUP 2 | . . . . . . . . . . . . . 2 . . EXPLORE 5 | . . . . . . . . . . . . . . . 5 RETURN 3 | . . . . . . . . . . . . . . . 3 Ally Attacks 138 | . . . . . 16 . 1 20 . . . . 47 29 25 Total Damage 3986 | . . . . . 211 . 26 282 . . . . 1625 1013 829 Kills 37 | . . . . . 4 . . 5 . . . . 15 11 2 Allies Corrupted 2 | . . . . . . . . . . . . . 1 1 . Allies Melted 1 | . . . . . . . . . . . . . . . 1 Intel | -11 -10 -10 -10 -9 -8 -8 -8 -8 -7 -7 -7 -7 -7 -7 -6 ------- Run | Yrd Mat Min Exi Min Mat Gar Mat Gar Fac Was Fac Gar Fac Gar Fac Active Infowar (turns) 2116 | 21 479 . . . 402 121 . . 324 . . . 456 75 238 Seismic 2116 | 21 479 . . . 402 121 . . 324 . . . 456 75 238 Robot Analysis Total . | . . . . . . . . . . . . . . . . Derelict Logs Recovered 2 | . . 2 . . . . . . . . . . . . . Drone Launches 7 | . . . . . . . . . . . . . . . 7 Drone Recoveries 5 | . . . . . . . . . . . . . . . 5 Exploration | -11 -10 -10 -10 -9 -8 -8 -8 -8 -7 -7 -7 -7 -7 -7 -6 ------------- Run | Yrd Mat Min Exi Min Mat Gar Mat Gar Fac Was Fac Gar Fac Gar Fac Turns Passed 15063 | 124 621 846 394 789 403 1382 740 1457 795 596 1497 708 1696 1541 1474 Spaces Moved 7280 | 47 309 452 339 430 306 587 301 695 393 305 680 410 845 712 469 Core 11 | 5 . . 2 . . . . . . . . . . . 4 Treads 3441 | 42 154 . . . . . . . . 133 680 410 845 712 465 Legs 3828 | . 155 452 337 430 306 587 301 695 393 172 . . . . . Wheels . | . . . . . . . . . . . . . . . . Hover . | . . . . . . . . . . . . . . . . Flight . | . . . . . . . . . . . . . . . . Fastest Speed 50 | 50 120 120 90 90 100 100 183 100 105 110 160 160 160 160 50 Average Speed 151 | 151 140 120 111 90 100 179 183 150 136 133 160 160 160 160 228 Slowest Speed 350 | 160 190 120 350 90 100 256 183 183 183 180 160 160 160 240 240 Overloaded Moves . | . . . . . . . . . . . . . . . . Propulsion Burnouts . | . . . . . . . . . . . . . . . . Robots Hopped . | . . . . . . . . . . . . . . . . Potential Cave-ins . | . . . . . . . . . . . . . . . . Cave-ins Triggered . | . . . . . . . . . . . . . . . . Exploration Rate (%) 49 | 4 43 79 69 62 36 57 35 93 13 82 27 64 38 71 18 Regions Visited 15 Branch Regions 3 Pre-discovered Areas 2 | . 1 . 1 . . . . . . . . . . . . Known Exits Taken 5 | . . . 1 . 1 . 1 . . . 1 . 1 . . Unknown Exits Taken 4 | 1 1 1 . 1 . . . . . . . . . . . Scrap Searched 3 | . . 1 . 2 . . . . . . . . . . . Spaces Dug 28 | . . . . . . 1 2 16 1 . 3 . . 2 3 Terrain Destroyed 566 | . 10 . . . 33 133 21 155 3 . 3 . . 108 100 Melee 11 | . . . . . . 1 1 2 1 . 3 . . 2 1 Projectile 52 | . . . . . . 3 20 5 2 . . . . 1 21 AOE 503 | . 10 . . . 33 129 . 148 . . . . . 105 78 Terrain Rammed . | . . . . . . . . . . . . . . . . Walls Destroyed . | . . . . . . . . . . . . . . . . Machines Disabled . | . . . . . . . . . . . . . . . . Actions | -11 -10 -10 -10 -9 -8 -8 -8 -8 -7 -7 -7 -7 -7 -7 -6 --------- Run | Yrd Mat Min Exi Min Mat Gar Mat Gar Fac Was Fac Gar Fac Gar Fac Total 10100 | 72 408 730 352 824 376 778 423 958 544 418 964 454 1134 958 707 Wait 1296 | 2 28 256 . 384 15 16 45 96 47 . 144 1 189 44 29 Move 7267 | 46 308 451 338 429 305 586 300 694 393 304 680 408 845 711 469 Hop . | . . . . . . . . . . . . . . . . Pick Up 147 | 3 9 3 5 6 12 21 6 15 6 4 4 11 9 18 15 Fast Attach 98 | 5 7 1 2 . 3 6 5 4 8 7 3 . 3 19 25 Attach 67 | 2 2 . . . 5 9 4 8 3 . . 4 1 11 18 Detach 23 | . . . . . . 1 1 1 2 2 . . . 5 11 Swap 110 | . 1 . 3 . 5 15 11 20 17 1 2 . 11 7 17 Drop 157 | . 4 1 4 . 11 21 9 12 11 16 5 7 13 18 25 Fire 437 | 14 47 14 . 4 18 37 22 68 49 8 6 9 24 20 97 Melee 426 | . . . . . . 51 18 25 1 76 120 3 36 95 1 Ram . | . . . . . . . . . . . . . . . . Kick 15 | . 1 4 . 1 2 . . . 7 . . . . . . Crush 3 | . 1 . . . . . . . . . . . 2 . . Escape Stasis 30 | . . . . . . 15 . 15 . . . . . . . Rewire 22 | . . . . . . . 2 . . . . 11 1 8 . Trap 2 | . . . . . . . . . . . . . . 2 . Miscellaneous . | . . . . . . . . . . . . . . . . Route ------- -11/Scrapyard -10/Materials (discovered 2 exits: [*Mat] / [*Min]) -10/Mines (discovered 4 exits: [*Mat x2] / *Exi / [*Sub]) -10/Exiles (discovered 2 exits: *Min x2) -9/Mines -8/Materials -8/Garrison -8/Materials -8/Garrison (discovered 3 exits: *Fac x3) -7/Factory -7/Waste -7/Factory (discovered 2 exits: *Fac / Gar) -7/Garrison -7/Factory (discovered 5 exits: *Fac x3 / [*Sto] / Gar) -7/Garrison (discovered 2 exits: *Fac x2) -6/Factory (discovered 1 exit: [*Low]) History --------- Turn | Location | Event 10 | -11/Scrapyard | Discovered new exit (range 15) 125 | -11/Scrapyard | Entered Materials 202 | -10/Materials | Discovered new exit (range 6) 316 | -10/Materials | Build established: Mutant 663 | -10/Materials | Discovered new exit (range 14) 746 | -10/Materials | Entered Mines 822 | -10/Mines | Discovered new exit (range 11) 1128 | -10/Mines | Deemed a non-threat by the Exiles lab entrance 1128 | -10/Mines | Discovered new exit (range 5) 1171 | -10/Mines | Discovered new exit (range 7) 1315 | -10/Mines | A weapon hastily lodged in a ceiling crevice suddenly fell to the ground 1363 | -10/Mines | Discovered new exit (range 12) 1375 | -10/Mines | Core integrity fell below 50% 1490 | -10/Mines | Learned Materials emergency access door positions 1592 | -10/Mines | Entered Exiles 1593 | -10/Exiles | Identified exit to Mines 1622 | -10/Exiles | Met 8R-AWN 1642 | -10/Exiles | Met EX-HEX 1706 | -10/Exiles | Met EX-DEC 1730 | -10/Exiles | Learned location of Zion (-7) 1820 | -10/Exiles | Met EX-BIN 1834 | -10/Exiles | Aligned with FarCom system 1835 | -10/Exiles | Given EX-Vault access code 1864 | -10/Exiles | Opened EX-Vault 1879 | -10/Exiles | Found Potential Leg 1882 | -10/Exiles | Found Potential Leg 1889 | -10/Exiles | Found AWS/Thermal 1891 | -10/Exiles | Found Longsword +1 1919 | -10/Exiles | Warned to stay clear of 0b10 Research branches 1986 | -10/Exiles | Stole three prototypes: Potential Leg, AWS/Thermal, Longsword +1 1986 | -10/Exiles | Entered Mines 2070 | -9/Mines | Discovered new exit (range 5) 2659 | -9/Mines | Found a hidden stash of uninstalled traps 2775 | -9/Mines | Entered Materials 2775 | -8/Materials | Accompanied by 2 allies 2775 | -8/Materials | Evolved 4 slots: Propulsion x1, Utility x2, Weapon x1 2780 | -8/Materials | Led the pair of lost Derelicts to an unsafe place 2889 | -8/Materials | Garrison activated, responded to threat 3000 | -8/Materials | Met 7R-MNS 3102 | -8/Materials | Build established: Tank 3153 | -8/Materials | Identified exit to Garrison 3178 | -8/Materials | Entered Garrison 3178 | -8/Garrison | Accompanied by 1 ally 3209 | -8/Garrison | Phase Generator disabled 3258 | -8/Garrison | Triggered checkpoint 3258 | -8/Garrison | Installed Relay Interface Framework 3291 | -8/Garrison | Spotted B-75 Beast 3323 | -8/Garrison | Destroyed B-75 Beast 3347 | -8/Garrison | Lost 3 parts (3u) 3369 | -8/Garrison | Found Hvy. Reflective Plating 3372 | -8/Garrison | Found Hvy. Reflective Plating 3509 | -8/Garrison | Build established: Mutant 3668 | -8/Garrison | Garrison Relay disabled 3867 | -8/Garrison | Triggered checkpoint 3918 | -8/Garrison | Triggered checkpoint 3963 | -8/Garrison | Triggered checkpoint 4163 | -8/Garrison | Build established: Bothacker-Tank 4200 | -8/Garrison | Triggered checkpoint 4321 | -8/Garrison | Garrison Relay disabled 4333 | -8/Garrison | Discovered new exit (range 10) 4354 | -8/Garrison | Garrison Relay disabled 4532 | -8/Garrison | Build established: Bothacker-Mutant 4560 | -8/Garrison | Entered Materials 4582 | -8/Materials | Lost 3 parts (2u1w) 5192 | -8/Materials | Identified exit to Garrison 5300 | -8/Materials | Entered Garrison 5300 | -8/Garrison | Accompanied by 1 ally 5343 | -8/Garrison | Triggered checkpoint 5368 | -8/Garrison | Garrison Relay disabled 5425 | -8/Garrison | Rescued a captive Derelict 5425 | -8/Garrison | Rescued a captive Derelict 5516 | -8/Garrison | Triggered checkpoint 5519 | -8/Garrison | Build established: Mutant 5533 | -8/Garrison | Triggered checkpoint 5588 | -8/Garrison | Lost 5 allies 5609 | -8/Garrison | Triggered checkpoint 5615 | -8/Garrison | Triggered checkpoint 5641 | -8/Garrison | Destroyed 7 combat bots 5742 | -8/Garrison | Triggered checkpoint 5827 | -8/Garrison | Garrison Relay disabled 5944 | -8/Garrison | Discovered new exit (range 13) 6076 | -8/Garrison | Discovered new exit (range 10) 6159 | -8/Garrison | Garrison Relay disabled 6270 | -8/Garrison | Phase Generator disabled 6423 | -8/Garrison | Destroyed 8 combat bots 6473 | -8/Garrison | Garrison Relay disabled 6587 | -8/Garrison | Learned Factory security intel 6603 | -8/Garrison | Discovered new exit (range 7) 6613 | -8/Garrison | Expanded RIF knowledge: Patrol Navigation 6659 | -8/Garrison | Triggered checkpoint 6663 | -8/Garrison | Core integrity fell below 50% 6696 | -8/Garrison | Garrison Relay disabled 6757 | -8/Garrison | Entered Factory 6757 | -7/Factory | Evolved 2 slots: Propulsion x1, Utility x1 6759 | -7/Factory | FarCom data flow suspended 7057 | -7/Factory | Build established: Bothacker-Tank 7310 | -7/Factory | Discovered new exit (range 10) 7552 | -7/Factory | Manually triggered Chute Trap 7552 | -7/Factory | Sucked down chute 7552 | -7/Factory | Entered Waste 7558 | -7/Waste | Spotted C-40 Crusher 7565 | -7/Waste | Spotted C-40 Crusher 7567 | -7/Waste | EMP discharged 7570 | -7/Waste | Spotted C-40 Crusher 7577 | -7/Waste | Spotted C-40 Crusher 7586 | -7/Waste | Spotted C-40 Crusher 7645 | -7/Waste | Spotted C-40 Crusher 7667 | -7/Waste | EMP discharged 7667 | -7/Waste | System corruption reached 10% 7722 | -7/Waste | Destroyed C-40 Crusher 7763 | -7/Waste | Destroyed C-40 Crusher 7767 | -7/Waste | EMP discharged 7827 | -7/Waste | Discovered new exit (range 10) 7860 | -7/Waste | Build established: Bothacker-Mutant 7867 | -7/Waste | EMP discharged 7867 | -7/Waste | System corruption reached 30% 7904 | -7/Waste | Destroyed C-40 Crusher 7914 | -7/Waste | Destroyed C-40 Crusher 7925 | -7/Waste | Found Unknown Protection 7925 | -7/Waste | Identified Damper Plating 7967 | -7/Waste | EMP discharged 8067 | -7/Waste | EMP discharged 8148 | -7/Waste | Entered Factory 8203 | -7/Factory | Build established: Scavenger-Mutant 8464 | -7/Factory | Found Prototype Launcher 8464 | -7/Factory | Identified Rocket Array 9273 | -7/Factory | Discovered new exit (range 15) 9645 | -7/Factory | Identified exit to Garrison 9645 | -7/Factory | Entered Garrison 9645 | -7/Garrison | Discovered recently destroyed garrison 9812 | -7/Garrison | Garrison Relay disabled 9910 | -7/Garrison | Garrison Relay disabled 9931 | -7/Garrison | Found embedded Infiltrators 10133 | -7/Garrison | Expanded RIF knowledge: Watcher Feeds 10202 | -7/Garrison | Garrison Relay disabled 10274 | -7/Garrison | Discovered new exit (range 3) 10353 | -7/Garrison | Entered Factory 10353 | -7/Factory | Accompanied by 3 allies 10543 | -7/Factory | Build established: Bothacker-Mutant 11153 | -7/Factory | First assault squad dispatched 11288 | -7/Factory | Discovered new exit (range 15) 11402 | -7/Factory | Discovered new exit (range 16) 11413 | -7/Factory | Discovered new exit (range 16) 11920 | -7/Factory | Discovered new exit (range 14) 12049 | -7/Factory | Identified exit to Garrison 12049 | -7/Factory | Entered Garrison 12055 | -7/Garrison | Build established: Mutant 12129 | -7/Garrison | Triggered checkpoint 12151 | -7/Garrison | Garrison Relay disabled 12235 | -7/Garrison | Lost 4 parts (1u3w) 12243 | -7/Garrison | Phase Generator disabled 12499 | -7/Garrison | Triggered checkpoint 12552 | -7/Garrison | Heavy support dispatched to Factory 12623 | -7/Garrison | Triggered checkpoint 12687 | -7/Garrison | Discovered new exit (range 14) 12837 | -7/Garrison | Triggered checkpoint 12839 | -7/Garrison | Triggered checkpoint 12854 | -7/Garrison | Expanded RIF knowledge: Structural Interface 12891 | -7/Garrison | Build established: Scavenger-Mutant 12926 | -7/Garrison | Garrison Relay disabled 12937 | -7/Garrison | Found embedded Infiltrators 12946 | -7/Garrison | Garrison Relay disabled 13073 | -7/Garrison | Triggered checkpoint 13097 | -7/Garrison | Spotted B-75 Beast 13113 | -7/Garrison | Destroyed B-75 Beast 13145 | -7/Garrison | Heavy support dispatched to Factory 13190 | -7/Garrison | Heavy support dispatched to Factory 13216 | -7/Garrison | Heavy support dispatched to Factory 13241 | -7/Garrison | Discovered new exit (range 10) 13299 | -7/Garrison | Triggered checkpoint 13335 | -7/Garrison | Garrison Relay disabled 13372 | -7/Garrison | Garrison Relay disabled 13421 | -7/Garrison | Build established: Bothacker-Mutant 13590 | -7/Garrison | Entered Factory 13590 | -6/Factory | Accompanied by 1 ally 13590 | -6/Factory | Evolved 2 slots: Power x1, Utility x1 13756 | -6/Factory | Build established: Bothacker-Tank 14144 | -6/Factory | Garrison activated, responded to threat 14188 | -6/Factory | Lost 3 parts (1n2u) 14438 | -6/Factory | Cargo convoy interrupted 14440 | -6/Factory | Discovered new exit (range 15) 14506 | -6/Factory | Lost 5 parts (1p1n1u2w) 14508 | -6/Factory | Destroyed 18 combat bots 14542 | -6/Factory | Found Prototype Launcher 14542 | -6/Factory | Identified Com. Tesla Bomb Launcher 14640 | -6/Factory | First assault squad dispatched 14789 | -6/Factory | Build established: Scavenger-Tank 14837 | -6/Factory | System corruption reached 10% 15050 | -6/Factory | Released all parts (6) 15051 | -6/Factory | Core integrity fell below 50% 15058 | -6/Factory | Core integrity fell below 20% 15064 | -6/Factory | Destroyed by H-61 Shepherd with Heavy Assault Cannon Last Messages --------------- 15044_ Penetrated by Slug. 15044_ Knocked back. 15046_ K-01 Serf collects debris. 15048_ U-05 Engineer builds a Wall. 15049_ Knocked back. 15049_ K-01 Serf collects debris. 15050_ Released Adv. Heat Sink. 15050_ Released Hvy. Hardcell Cannon. 15050_ Released Adv. Heat Sink. 15050_ Released Hcp. Storage Unit. 15050_ Released Target Analyzer. 15050_ Released Hrd. Heavy Armor Plating. 15050_ Acquired 18 matter. 15051_ Acquired Com. Ion Cannon. 15052_ K-01 Serf destroyed. 15056_ Critical hit (Burn: +50). 15059_ Acquired 12 matter. 15059_ Knocked back. 15063_ Critical hit (Burn: +37). [Achievement: Overachiever] Map ----- +----------------------------------------------------+ | % !!! """ ?????????????? | | """ ??????????? | | ^^ ^ #?????????? | | ## ######+################ """ """ ????????????? | | ?# # #????????# """ """??????????????? | | ?#?# ! #?????#### """ """ #??????????? | | ???# """"""" ########## #??????????? | | ???# """"""" + %"" """ #??????????? | | ??+ """"""" #### """ """ ?????????????? | | ??# """"""" #? # """ """ #??????????? | | ??# #?## #??????????? | | ??# """"""" #??# % """ """ #??????????? | | #??# ?"""""" #??# ^ """ """??????????????? | | #??# ! ?"""""" #??# """ """??????????????? | | #??# ???"""" #??# ???????????? | | #??# ????? #??# ^""" """ #??????????? | | #??####???????###??# """ ""???????????????? | | #????????####??????# """ """ ???????????? | | #????????# #????###! ???????????? | | #################### ]!][] ???????????? | | !! !!!|##########?????????????? | | [ %=% ]!]!%#########??????????????? | | *%! !%=/%%%! ?????????? | | !![= % /%*==#########??????????????? | | % =] ########g#######?????????????????? | | "" "" !% ]#/# @% #?????????????????? | | "F "" = # #?????????????????? | | """"" % = # % H #?????????????????? | | ######## #### = ##* %% %% #?????????????????? | | # ^ % [ # ! % #?????????????????? | | # ^ #######;#######?????????????????? | | # ! ??????????????????????? | | # !?????????????????????? | | # ^ ??????????????????????? | | # ^! %######## ??????????????????????? | | # ^ != ## #"" ???????????????????????? | | ### # " " #"" ???????????????????????? | | =# #??? """???????????????????????? | | * / *!/ #??? """???????????????????????? | | *=# / #?? ??????????????????????????? | | # # #??? ???????????????????????????? | | " ###### % # + ?????????????????????????? | | " #?# # [[# ###?????????????????????????????? | | " ## # # # #???????????????????????????????? | | ###### # " ##???????????????????????????????? | | ###???## ## ###???????????????????????????????? | | ?###### #??#?????????????????????????????????? | | ?# #????????????????????????????????????? | | ?# #????????????????????????????????????? | | ?# #????????????????????????????????????? | +----------------------------------------------------+ Best States ------------- Heat Dissipation 75 Coolant Potential 65 Energy Generation 34 Energy Capacity 915 Matter Stores 300 Matter Capacity 300 Sight Range 16 Terrain Scan Density 10 Armor Coverage 1600 Resistance: KI 30 Resistance: TH 25 Resistance: EM 90 Melee Speed Boost 20 Phase Shifting 5 Evasion (%) 63 Targeting Accuracy 8 Target Analysis 5 Core Analysis 6 Recoil Reduction 4 Particle Charging 30 Relay Coupler Types 2 Relay Coupler Value 43 Item Schematics ----------------- Cld. Deuterium Engine | -7/Factory | Extracted System Restoration Module | -7/Factory | Extracted Robot Schematics ------------------ None Fabricated ------------ Nothing Repaired ---------- Nothing Alien Tech Used ----------------- None Achievements -------------- Assassin Overachiever Challenges ------------ None Game ------ Seed PrecisionConceptScrap Manual? 0 Play Time 03:32:10 Cumulative 97.3 hours Start 2025.09.26 @ 20:38:52 End 2025.09.27 @ 15:49:22 Sessions 7 Manual Loads 0 Difficulty Rogue Special Mode None Game No. 56 Rogue 51 Adventurer 5 Explorer 0 Win Type - Total 2 Types 2/0/0/0/0/0/0/0/0/0 Lore% 51 Gallery% 55 Achievement% 50 Wizard Run 0 Options --------- Layout 1 ASCII 0 Keyboard 0 Movement Numpad Keybinds 0 Fullscreen 1 Font 24/Smallcaps Map View 50x35 Zoom Use 0% Tactical HUD 1 Map Filters NONE Filters NONE Steam 1 RUN: 8064bec0-9f0c-40ee-b93a-43dd7b05570f